 Dungeon Crawl Stone Soup version 0.30-a0-373-gd37427bb62 (webtiles) character file.

Game seed: 6833019815476782367

7611 funkygono the Arsonist (level 10, -5/67 HPs)
             Began as a Demonspawn Fire Elementalist on Nov 24, 2022.
             Was a Follower of Vehumet.
             Slain by a komodo dragon (13 damage)
             ... on level 10 of the Dungeon.
             The game lasted 00:19:55 (12763 turns).

funkygono the Arsonist (DsFE)                      Turns: 12763, Time: 00:19:55

Health: -5/67      AC: 18    Str:  9    XL:     10   Next: 98%
Magic:  5/22       EV: 13    Int: 21    God:    Vehumet [*.....]
Gold:   779        SH:  0    Dex: 13    Spells: 9/26 levels left

rFire   . . .      SeeInvis .    f - +1 whip
rCold   . . .      Faith    .    (no shield)
rNeg    . . .      Spirit   .    d - +3 steam dragon scales
rPois   .          Reflect  .    u - +2 helmet
rElec   .          Harm     .    l - +2 cloak
rCorr   .          Rampage  .    g - +2 pair of gloves
Will    .....                    (no boots)
Stlth   ++........               (no amulet)
HPRegen 0.31/turn                (no ring)
MPRegen 0.18/turn                (no ring)

@: studying Stealth
A: claws 1, foul stench 2, sharp scales 1, demonic magic 2
a: Renounce Religion


You were on level 10 of the Dungeon.
You worshipped Vehumet.
Vehumet was aware of your devotion.
You visited 2 branches of the dungeon, and saw 11 of its levels.
You also visited: Ossuary.

You collected 833 gold pieces.
You spent 54 gold pieces at shops.

Inventory:

Hand Weapons
 e - a +0 flail
 f - a +1 whip (weapon)
Missiles
 y - a throwing net
Armour
 a - a +0 robe
 c - a +0 helmet
 d - +3 steam dragon scales (worn)
 g - a +2 pair of gloves (worn)
 l - a +2 cloak (worn)
 m - a +2 kite shield
 t - a +2 animal skin
 u - a +2 helmet (worn)
 z - a +0 crystal plate armour
 C - a +0 ring mail of willpower
Jewellery
 n - a ring of ice
Wands
 b - a wand of polymorph (8)
 B - a wand of light (7)
Scrolls
 o - a scroll of amnesia
 p - 6 scrolls of teleportation
Potions
 h - 5 potions of mutation
 i - 2 potions of curing
 j - 5 potions of haste
 k - 2 potions of attraction {unknown}
 r - a potion of flight {unknown}
 s - a potion of might
 v - a potion of ambrosia {unknown}
 w - a potion of heal wounds
 x - 2 potions of resistance {unknown}
 A - a potion of invisibility {unknown}


   Skills:
 + Level 2.3 Fighting
 + Level 3.3 Maces & Flails
 + Level 4.0 Dodging
 + Level 3.4 Stealth
 + Level 8.7 Spellcasting
 + Level 6.7 Conjurations
 + Level 2.0 Transmutations
 + Level 9.5 Fire Magic
 + Level 1.4 Air Magic
 + Level 2.4 Poison Magic


You had 9 spell levels left.
You knew the following spells:

 Your Spells              Type           Power      Damage    Failure   Level
a - Foxfire               Conj/Fire      100%       2x1d9     1%          1
b - Scorch                Fire           98%        2d9       1%          2
c - Kindle Blastsparks    Fire/Tloc/Air  48%        2d14      4%          3
d - Flame Wave            Conj/Fire      43%        2d11      2%          4
e - Mephitic Cloud        Conj/Pois/Air  24%        N/A       5%          3
f - Ignite Poison         Fire/Tmut/Pois 28%        N/A       3%          3
g - Sandblast             Erth           18%        2d7       8%          1

Your spell library contained the following spells:

 Spells                   Type           Power      Damage    Failure   Level
 Inner Flame              Hex/Fire       29%        N/A       3%          3
 Poisonous Vapours        Pois/Air       34%        N/A       4%          2
 Dazzling Flash           Conj/Hex       46%        N/A       5%          3
 Cigotuvi's Dreadful Rot  Necr/Pois/Air  28%        N/A       7%          2
 Apportation              Tloc           18%        N/A       8%          1
 Necrotise                Necr           36%        1d5       8%          1
 Summon Small Mammal      Summ           36%        N/A       8%          1
 Iskenderun's Mystic Bla  Conj/Tloc      23%        2d6       19%         4
 Call Canine Familiar     Summ           9%         N/A       22%         3
 Portal Projectile        Hex/Tloc       18%        N/A       22%         3
 Starburst                Conj/Fire      21%        6d7       36%         6
 Freezing Cloud           Conj/Ice/Air   10%        6-21      54%         5
 Leda's Liquefaction      Hex/Erth       4%         N/A       58%         4


Dungeon Overview and Level Annotations

Branches:
Dungeon (10/15)            Temple (1/1) D:7             Orc (0/2) D:9
Ossuary (visited)
   Lair: D:8-11

Altars:
Ashenzari
Cheibriados
Dithmenos
Fedhas
Gozag
Hepliaklqana
Kikubaaqudgha
Makhleb
Nemelex Xobeh
Okawaru
Qazlal
Ru
Sif Muna
Trog
Uskayaw
Vehumet
Wu Jian
Xom
Yredelemnul

Shops:
D:4 *

Annotations:
D:8 6 transporters


Innate Abilities, Weirdness & Mutations

You have sharp fingernails.
You sometimes emit foul miasma when damaged in melee.
You are partially covered in razor-sharp scales. (AC +1, Slay +1)
Spells you cast may paralyse nearby enemies.


Message History

The foxfire hits the komodo dragon.
The komodo dragon is lightly wounded.
The foxfire hits the komodo dragon.
The komodo dragon is lightly wounded.
Casting: Foxfire (safe; 1% risk of failure)
Confirm with . or Enter, or press ? or * to list all spells.
Flames lash the komodo dragon.
The komodo dragon is moderately wounded.
The komodo dragon's fire resistance burns away.
Malevolent energies surge around you. The komodo dragon bites you!
Unknown command.
You hit the komodo dragon but do no damage.
The komodo dragon is moderately wounded.
The komodo dragon bites you.
You emit a cloud of foul miasma!
You hit the komodo dragon.
The komodo dragon is moderately wounded.
The komodo dragon is engulfed in dark miasma.
The komodo dragon is poisoned.
The komodo dragon bites you!
You closely miss the komodo dragon.
The komodo dragon is moderately wounded.
The komodo dragon is engulfed in dark miasma.
The komodo dragon looks even sicker.
The komodo dragon hisses menacingly.
The komodo dragon misses you.
You hit the komodo dragon but do no damage.
The komodo dragon is moderately wounded.
The komodo dragon is no longer more vulnerable to fire.
The komodo dragon is engulfed in dark miasma.
The komodo dragon looks even sicker.
The komodo dragon closely misses you.
You hit the komodo dragon but do no damage.
The komodo dragon is heavily wounded.
The komodo dragon is engulfed in dark miasma.
The komodo dragon looks as sick as possible!
The komodo dragon bites you!!
* * * LOW HITPOINT WARNING * * *
Okay, then.
The komodo dragon is engulfed in dark miasma.
The komodo dragon looks as sick as possible!
The komodo dragon bites you!
You die...

#######.. ....# ......
......#.##....## .....
#..#........... ....
#.#.........# ...
######...#..)... ..
#............###### $
.....##§#o........########
.....#..#l#######.....T...
....<....@).#######....###
........###†........##..##
.....................##..#
.....################# #.g
##### ## # #


You could see a komodo dragon (extremely poisoned) and an orc wizard.

Vanquished Creatures
  A two-headed ogre (D:9)
  3 trolls
  A vampire (D:9)
  12 yaks
  A wyvern (D:7)
  2 wraiths (D:9)
  2 steam dragons
  Edmund (D:4)
  2 sky beasts (D:7)
  2 orc warriors
  An ice beast (D:5)
  2 black bears
  An ogre (D:7)
  3 centaurs
  5 phantoms
  3 bullfrogs
  A kobold brigand (D:6)
  3 elf zombies (Ossuary)
  A necrophage (D:4)
  A gnoll sergeant (D:9)
  5 scorpions
  8 wights
  A howler monkey (D:7)
  A jelly (D:4)
  9 orc priests
  2 gnoll boudas (D:7)
  3 hounds
  2 iguanas
  9 orc wizards
  A hound zombie (Ossuary)
  4 mummies (Ossuary)
  Robin (D:4)
  11 gnolls
  7 adders
  2 shadow imps
  A white imp (D:6)
  An ufetubus (D:7)
  3 adder zombies (Ossuary)
  A worm (D:2)
  A dart slug (D:1)
  31 orcs
  10 endoplasms
  2 giant cockroaches
  A gnoll zombie (Ossuary)
  10 hobgoblins
  8 jackals
  5 quokkas
  4 ball pythons
  6 bats
  4 frilled lizards
  18 goblins
  A goblin zombie (Ossuary)
  2 hobgoblin zombies (Ossuary)
  A jackal zombie (Ossuary)
  14 kobolds
  A rat (D:2)
239 creatures vanquished.

Vanquished Creatures (others)
  634 foxfires
634 creatures vanquished.

Grand Total: 873 creatures vanquished

Notes
Turn   | Place    | Note
-------+----------+-------------------------------------------
     0 | D:1      | funkygono the Demonspawn Fire Elementalist began the quest
                  | for the Orb.
     0 | D:1      | Reached XP level 1. HP: 13/13 MP: 3/3
    64 | D:1      | Reached skill level 3 in Fire Magic
   138 | D:1      | Gained mutation: Spells you cast may paralyse adjacent
                  | enemies. [demonic ancestry]
   138 | D:1      | Reached XP level 2. HP: 19/19 MP: 1/5
   141 | D:1      | Learned a level 2 spell: Scorch
   555 | D:1      | Gained mutation: You are partially covered in razor-sharp
                  | scales. (AC +1, Slay +1) [demonic ancestry]
   555 | D:1      | Reached XP level 3. HP: 24/24 MP: 3/6
  1368 | D:2      | Found a bloodstained altar of Trog.
  1840 | D:2      | Gained mutation: Spells you cast may paralyse nearby
                  | enemies. [demonic ancestry]
  1840 | D:2      | Reached XP level 4. HP: 30/30 MP: 2/8
  2157 | D:2      | Found a faded altar of an unknown god.
  2886 | D:3      | Reached skill level 4 in Fire Magic
  2886 | D:3      | Gained mutation: You may rarely emit foul miasma when
                  | damaged in melee. [demonic ancestry]
  2886 | D:3      | Reached XP level 5. HP: 36/36 MP: 5/9
  2948 | D:3      | Found a shimmering blue altar of Sif Muna.
  3483 | D:3      | Learned a level 3 spell: Kindle Blastsparks
  3488 | D:3      | Learned a level 4 spell: Flame Wave
  3713 | D:4      | Found Ciabbaekh's Neck Hole.
  3721 | D:4      | Bought a +0 cloak for 54 gold pieces
  3957 | D:4      | Gained mutation: You have sharp fingernails. [demonic
                  | ancestry]
  3957 | D:4      | Reached XP level 6. HP: 42/42 MP: 8/11
  4228 | D:4      | Reached XP level 7. HP: 47/47 MP: 6/13
  4372 | D:4      | Noticed Edmund
  4379 | D:4      | Killed Edmund
  4380 | D:4      | Reached skill level 5 in Fire Magic
  4529 | D:4      | Noticed Robin
  4546 | D:4      | Killed Robin
  5146 | D:4      | Learned a level 3 spell: Mephitic Cloud
  5179 | D:5      | Entered Level 5 of the Dungeon
  5418 | D:5      | Reached skill level 5 in Spellcasting
  5583 | D:5      | Reached XP level 8. HP: 53/53 MP: 5/15
  5806 | D:5      | Reached skill level 5 in Conjurations
  5861 | D:5      | Reached skill level 6 in Fire Magic
  5938 | D:5      | Reached skill level 1 in Fighting
  6195 | D:5      | Learned a level 3 spell: Ignite Poison
  6485 | D:6      | Found an ornate altar of the Wu Jian Council.
  6606 | D:6      | Reached skill level 1 in Maces & Flails
  6606 | D:6      | Reached skill level 7 in Fire Magic
  6789 | D:6      | Found a sacrificial altar of Ru.
  7257 | D:6      | Reached XP level 9. HP: 59/59 MP: 13/17
  7579 | D:7      | Found a staircase to the Ecumenical Temple.
  7645 | D:7      | Found a sand-covered staircase.
  7650 | Ossuary  | Entered an ossuary
  8268 | D:7      | Reached skill level 1 in Poison Magic
  8464 | D:7      | Reached skill level 8 in Fire Magic
  8573 | D:7      | Reached skill level 1 in Transmutations
  8918 | D:7      | Reached skill level 1 in Air Magic
  9044 | D:7      | Noticed a troll
  9079 | D:7      | Killed a troll
  9080 | D:7      | Gained mutation: You sometimes emit foul miasma when
                  | damaged in melee. [demonic ancestry]
  9080 | D:7      | Reached XP level 10. HP: 43/67 MP: 0/21
  9467 | Temple   | Entered the Ecumenical Temple
  9485 | Temple   | Became a worshipper of Vehumet
  9748 | D:8      | Found a transporter.
  9753 | D:8      | Found a transporter.
  9920 | D:8      | Found a transporter.
  9934 | D:8      | Found a transporter.
 10744 | D:8      | Found a transporter.
 10745 | D:8      | Found a transporter.
 11607 | D:9      | Reached skill level 9 in Fire Magic
 11808 | D:9      | Noticed a two-headed ogre
 11813 | D:9      | Killed a two-headed ogre
 11815 | D:9      | Reached * piety under Vehumet
 11815 | D:9      | Offered knowledge of Sandblast by Vehumet.
 12118 | D:9      | Learned a level 1 spell: Sandblast
 12192 | D:9      | Found a staircase to the Orcish Mines.
 12248 | D:10     | Entered Level 10 of the Dungeon
 12763 | D:10     | Slain by a komodo dragon

Illustrated notes

Levels and vault maps discovered:
D:1:      nicolae_arrival_somewhat_less_tricky_arrival, layout_loops_ring
D:2:      layout_rooms, hellmonk_ecumenical_altar_leap_of_faith, basic_altar
D:3:      layout_basic, led_sif_pool, hangedman_abyss_or_decor_stabs,
          minmay_strange_pillars
D:4:      layout_loops_corners, tso_altar, chequers_decorated_corner,
          minmay_misc_feat_five, nicolae_shop_sticking_my_neck_out, uniq_robin,
          uniq_edmund
D:5:      layout_loops_ring
D:6:      layout_loops_ring, nicolae_wu_jian_glorious_leap,
          nicolae_ru_path_of_blood
D:7:      minmay_thick_lines, layout_basic, amcnicky_altar_gilded,
          minmay_temple_entry_butterflies, enter_ossuary_2,
          dreamdust_gnoll_shepherd
D:8:      layout_basic, serial_nicolae_subway, nicolae_sub_station_stone,
          nicolae_sub_station_metal, nicolae_sub_station_crystal
D:9:      layout_loops_ring, orc_0_dummy
D:10:     layout_rooms
Temple:   nicolae_temple_bog_church

Skill      XL: |  1  2  3  4  5  6  7  8  9 10 |
---------------+-------------------------------+-----
Fire Magic     | 3 4 5 7 8 9 |  9.5
Spellcasting   | 3 4 5 7 8 |  8.7
Conjurations   | 2 3 4 5 6 |  6.7
Dodging        | 2 3 4 |  4.0
Fighting       | 1 2 |  2.3
Maces & Flails | 1 2 3 |  3.3
Poison Magic   | 1 2 |  2.4
Transmutations | 1 2 |  2.0
Air Magic      | 1 |  1.4
Stealth        | 3 |  3.4

Action                   |  1- 3 |  4- 6 |  7- 9 | 10-12 || total
-------------------------+-------+-------+-------+-------++-------
Melee: Unarmed           |    15 |       |       |       ||    15
       Punch             |     1 |       |     5 |       ||     6
       Whip              |    16 |     8 |    87 |    61 ||   172
       Flail             |     1 |       |       |       ||     1
 Cast: Foxfire           |    57 |    80 |   167 |    76 ||   380
       Scorch            |    14 |    13 |    54 |    27 ||   108
       Mephitic Cloud    |       |       |    14 |     4 ||    18
       Ignite Poison     |       |       |    11 |     3 ||    14
       Kindle Blastspark |       |       |     1 |       ||     1
       Flame Wave        |       |       |     1 |     9 ||    10
  Use: Scroll            |     2 |     4 |     6 |     8 ||    20
       Potion            |       |       |     8 |     1 ||     9
 Stab: Paralysed         |     4 |     1 |    13 |    11 ||    29
Armor: Robe              |     7 |       |     1 |       ||     8
       Animal skin       |       |       |    82 |     2 ||    84
       Steam dragon scal |       |       |       |    49 ||    49
Dodge: Dodged            |    22 |     7 |   118 |    68 ||   215

Table legend: (Time is in decaauts)
 A = Elapsed time spent in this place.
 B = Non-inter-level travel time spent in this place.
 C = Inter-level travel time spent in this place.
 D = Time resting spent in this place.
 E = Time spent auto-exploring this place.
 F = Levels seen in this place.
 G = Mean time per level.
                   A        B        C        D        E       F      G
               +--------+--------+--------+--------+--------+-----+--------+
         Total |  12775 |  12556 |    219 |    594 |   9996 |  12 | 1064.6 |
       Dungeon |  12126 |  11934 |    192 |    594 |   9542 |  10 | 1212.6 |
        Temple |    218 |    191 |     27 |      0 |    171 |   1 |  218.0 |
       Ossuary |    430 |    430 |      0 |      0 |    282 |   1 |  430.0 |
               +--------+--------+--------+--------+--------+-----+--------+

Top non-repeatable levels by time:
     D:4: 1655 daAuts
     D:7: 1577 daAuts
     D:8: 1532 daAuts
     D:9: 1413 daAuts
     D:1: 1368 daAuts
     D:6: 1231 daAuts
     D:3: 1220 daAuts
     D:5: 1096 daAuts
     D:2: 936 daAuts
 Ossuary: 430 daAuts
  Temple: 218 daAuts
    D:10: 94 daAuts
